 Dungeon Crawl Stone Soup version 0.21-a0-513-gdcb3f5e (webtiles) character file.

48 Gerstahl the Poker (level 3, -1/29 HPs)
             Began as a Demonspawn Gladiator on Dec 2, 2017.
             Slain by a white imp (2 damage)
             ... summoned by Natasha
             ... on level 2 of the Dungeon.
             The game lasted 00:01:05 (1280 turns).

Gerstahl the Poker (Demonspawn Gladiator)           Turns: 1280, Time: 00:01:05

Health: -1/29      AC:  4    Str: 14    XL:     3   Next: 50%
Magic:  3/3        EV: 12    Int:  9    God:
Gold:   63         SH:  0    Dex: 15    Spells: 2/2 levels left

rFire    . . .     SeeInvis .   a - +0 trident
rCold    . . .     Gourm    .   (no shield)
rNeg     . . .     Faith    .   b - +0 leather armour
rPois    .         Spirit   .   c - +0 helmet
rElec    .         Reflect  .   (no cloak)
rCorr    .         Harm     .   (no gloves)
MR       .....                  (no boots)
Stlth    +.........             (no amulet)
HPRegen  0.09/turn              (no ring)
MPRegen  0.08/turn              (no ring)

@: slowed, very slow
A: hooves 2
a: no special abilities


You were on level 2 of the Dungeon.
You were not hungry.

You visited 1 branch of the dungeon, and saw 2 of its levels.

You collected 63 gold pieces.

Inventory:

Hand Weapons
 a - a +0 trident (weapon)
Missiles
 d - 3 throwing nets (quivered)
Armour
 b - a +0 leather armour (worn)
 c - a +0 helmet (worn)
Jewellery
 g - a cursed amulet of inaccuracy {unknown}
 h - an uncursed amulet of magic regeneration {unknown}
 n - an uncursed ring of fire {unknown}
Scrolls
 e - a scroll of fear {unknown}
 i - a scroll of amnesia {unknown}
 j - 2 scrolls of remove curse {unknown}
 k - 3 scrolls of identify {unknown}
 l - a scroll of enchant weapon {unknown}
 m - 2 scrolls of teleportation {unknown}
Potions
 o - a potion of invisibility {unknown}
Comestibles
 f - 2 bread rations


   Skills:
 + Level 3.1 Fighting
 + Level 3.5 Polearms
 - Level 1.7 Throwing
 - Level 2.6 Dodging


You had 2 spell levels left.
You didn't know any spells.

Dungeon Overview and Level Annotations

Branches:
Dungeon (2/15)

Altars:

Annotations:
D:2 Natasha


Innate Abilities, Weirdness & Mutations

You have hoof-like feet.


Message History

You are too injured to fight recklessly!
There are monsters nearby!
You are too injured to fight recklessly!
There are monsters nearby!
You barely miss Natasha.
Natasha is lightly wounded.
The white imp hits you but does no damage.
Natasha claws you!
* * * LOW HITPOINT WARNING * * *
You barely miss Natasha. You kick Natasha.
Natasha is moderately wounded.
The white imp closely misses you. Natasha casts a spell at you.
You feel yourself slow down.
You hit Natasha.
Natasha is heavily wounded.
The white imp misses you. Natasha claws you.
* * * LOW HITPOINT WARNING * * *
The white imp hits you.
You die...

######### #.......# #.#####.#
#.# #.# #.#####.# #.#...#.#
######## #.#.#.#.# # #.......
#.....#.###.#.# #.......
########.###.#@h...# #..[....
#..............5.### #.......
#..............#.# #.......
#.[......###.#.#.# #.......
#............#.#.#######.......
#........#####.#...............
#######..# #.#.####....#####.
#..# ###.#.####....# #.
<.###..###...#...##....#####.


You could see Natasha and a white imp.

Vanquished Creatures
  An adder (D:2)
  An ooze (D:2)
  A worm (D:2)
  A dart slug (D:1)
  3 leopard geckos
  3 bats
  3 goblins
  2 hobgoblins (D:1)
  8 kobolds
  2 frilled lizards (D:1)
25 creatures vanquished.

Notes
Turn   | Place    | Note
-------+----------+-------------------------------------------
     0 | D:1      | Gerstahl the Demonspawn Gladiator began the quest for the Orb.
     0 | D:1      | Reached XP level 1. HP: 16/16 MP: 1/1
   412 | D:1      | Gained mutation: You have large cloven feet. [demonic ancestry]
   412 | D:1      | Reached XP level 2. HP: 23/23 MP: 2/2
   970 | D:2      | Gained mutation: You have hoof-like feet. [demonic ancestry]
   970 | D:2      | Reached XP level 3. HP: 28/28 MP: 3/3
  1273 | D:2      | Noticed Natasha
  1280 | D:2      | HP: 1/29 [Natasha (6)]
  1280 | D:2      | Slain by a white imp

Vault maps used:
D:1:      matt_arrival_spirals
D:2:      first_bread, supply_closet_lemuel, uniq_natasha

Skill      XL: |  1  2  3 |
---------------+----------+-----
Polearms       | 3 |  3.5
Fighting       | 3 |  3.1
Throwing       | |  1.7
Dodging        | |  2.6

Action                   || total
-------------------------++-------
Melee: Trident           ||    84
       Kick              ||    14
 Stab: Sleeping          ||     3
  Eat: Chunk             ||     1
Armor: Leather armour    ||     8
Dodge: Dodged            ||    41

Table legend:
 A = Spawn XP
 B = Non-spawn XP
 C = Spawn XP percentage of total XP
 D = Spawn monster count
 E = Non-spawn monster count
 F = Spawn count percentage of total count
 G = Total turns spent on level
                    A         B        C        D         E        F      G
               +---------+---------+-------+---------+---------+-------+---------
         Total |       0 |      69 |   0.0 |       0 |      25 |   0.0 |  1280
               +---------+---------+-------+---------+---------+-------+---------
           D:1 |       0 |      33 |   0.0 |       0 |      17 |   0.0 |   898
           D:2 |       0 |      36 |   0.0 |       0 |       8 |   0.0 |   382
               +---------+---------+-------+---------+---------+-------+---------
